 Dungeon Crawl Stone Soup version 0.30.1-6-gbe392663c4 (webtiles) character file.

Game seed: 18291689573259515772

9 Peloso the Trooper (level 2, 27/27 HPs)
             Began as a Minotaur Fighter on Sept 20, 2023.
             Got out of the dungeon alive.
             The game lasted 00:00:51 (1023 turns).

Peloso the Trooper (Minotaur Fighter)               Turns: 1023, Time: 00:00:52

Health: 27/27      AC:  7    Str: 20    XL:     2   Next: 3%
Magic:  1/1        EV:  9    Int:  5    God:
Gold:   34         SH:  4    Dex:  9    Spells: 1/1 levels left

rFire   . . .        a - +0 long sword
rCold   . . .        c - +0 buckler
rNeg    . . .        b - +0 scale mail
rPois   .            (helmet restricted)
rElec   .            (no cloak)
rCorr   .            (no gloves)
SInv    .            (no boots)
Will    .....        (no amulet) Stlth
                     (no ring)
HPRegen 0.24/turn    (no ring)
MPRegen 0.07/turn

%: random rage (3%)
@: no status effects
A: horns 2, retaliatory headbutt, berserk 1
a: no special abilities


You escaped.
You visited 1 branch of the dungeon, and saw 1 of its levels.

You collected 34 gold pieces.

Inventory:

Hand Weapons
 a - a +0 long sword (weapon)
Armour
 b - a +0 scale mail (worn)
 c - a +0 buckler (worn)
Scrolls
 f - a scroll of identify {unknown}
Potions
 d - a potion of might


   Skills:
 + Level 4.0 Fighting
 + Level 2.4 Long Blades
 + Level 3.8 Armour
 + Level 3.8 Shields


You had one spell level left.
You didn't know any spells.
Your spell library was empty.

Dungeon Overview and Level Annotations

Branches:
Dungeon (1/15)

Altars:


Innate Abilities, Weirdness & Mutations

You have a pair of horns on your head.
You reflexively headbutt those who attack you in melee.
You sometimes lose your temper in combat.


Message History

You have reached level 2!
You now have 34 gold pieces (gained 4).
You see here a ball python corpse.
f - a scroll labelled BAPOAQO SUXO
g - a coppery potion A rat comes into view.
A rat is nearby!
A rat is nearby!
A rat is nearby!
The rat closely misses you.
You closely miss the rat. The rat bites you but does no damage.
You slash the rat!
You kill the rat!
You see here a rat corpse.
It was a potion of lignification.
You turn into a tree.
Your +0 scale mail melds into your body.
Your roots penetrate the ground.
It was a potion of mutation.
You feel extremely strange.
You feel a little pissed off.
You start resting.
Your transformation is almost over.
HP restored.
You feel less wooden.
Your +0 scale mail unmelds from your body.
You start waiting.
Done waiting.
You start waiting.
Done waiting.
You start waiting.
Done waiting.
You start waiting.
Done waiting.
You start waiting.
Done waiting.
(D) Dungeon
Where to? (? - help)
What level of the Dungeon? (default 1, ? - help)
There is a staircase leading out of the dungeon here.
Are you sure you want to leave the Dungeon?
This will make you lose the game!
You have escaped!

#.............###
#..#.##########
#..#......#
########...#####.#
.........#.#####.#
......###...§.....
≈≈≈...##...≈≈≈§...#
≈≈≈≈......≈§§§§≈..#
≈≈≈≈..>@..≈§≈≈≈≈.##
≈≈≈≈......≈§≈§§≈.#
≈≈≈..####..≈≈§§..#
....# ##...§§..#
###. ..####. . ..#
. ..#


There were no monsters in sight!

Vanquished Creatures
  A giant cockroach (D:1)
  2 hobgoblins (D:1)
  4 ball pythons (D:1)
  A bat (D:1)
  2 rats (D:1)
10 creatures vanquished.

Notes
Turn   | Place    | Note
-------+----------+-------------------------------------------
     0 | D:1      | Peloso the Minotaur Fighter began the quest for the Orb.
     0 | D:1      | Reached XP level 1. HP: 19/19 MP: 0/0
   328 | D:1      | Reached skill level 4 in Fighting
   328 | D:1      | Reached XP level 2. HP: 26/27 MP: 1/1
   370 | D:1      | Gained mutation: You sometimes lose your temper in combat.
                  | [potion of mutation]
  1023 | D:$      | Got out of the dungeon alive.

Illustrated notes

Levels and vault maps discovered:
D:1:      dpeg_arrival_pits, layout_loops_ring, serial_aquarium,
          aquarium_bridge_square [aquarium_subvault_bridge,
          aquarium_subvault_bridge, aquarium_subvault_window,
          aquarium_subvault_bridge], aquarium_window_2, aquarium_window_corner,
          aquarium_window_1, aquarium_window_1, aquarium_view_2b,
          aquarium_view_2a, aquarium_pool_side,
          hellmonk_ecumenical_altar_prayer_group, minmay_hexomino_f4

Skill      XL: |  1 |
---------------+----+-----
Fighting       | 4 |  4.0
Long Blades    | |  2.4
Armour         | |  3.8
Shields        | |  3.8

Action                     || total
---------------------------++-------
  Melee: Long sword        ||    15
         Headbutt          ||     3
    Use: Potion            ||     2
 Armour: Scale mail        ||     8
  Dodge: Dodged            ||    12
  Block: Buckler           ||     4
